 Dungeon Crawl Stone Soup version 0.24.0-1-gfbc8707122 (webtiles) character file.

Game seed: 7243756680881899126, levelgen mode: deterministic

633 theswoord the Cudgeler (level 7, -1/52 HPs)
             Began as a Demonspawn Abyssal Knight on Oct 28, 2019.
             Was a Priest of Lugonu.
             Killed by nerve-wracking pain
             ... invoked by Grinder
              (4 damage)
             ... on level 5 of the Dungeon.
             The game lasted 00:10:16 (5019 turns).

theswoord the Cudgeler (Demonspawn Abyssal Knight)  Turns: 5019, Time: 00:10:17

Health: -1/52      AC: 10    Str: 13    XL:     7   Next: 24%
Magic:  8/8        EV:  6    Int: 13    God:    Lugonu [***...]
Gold:   186        SH:  0    Dex: 14    Spells: 6/6 levels left

rFire    . . .     SeeInvis .   o - +0 whip
rCold    . . .     Gourm    .   (no shield)
rNeg     . . .     Faith    .   l - +0 chain mail
rPois    .         Spirit   .   p - +1 helmet
rElec    .         Reflect  .   (no cloak)
rCorr    .         Harm     .   (no gloves)
MR       .....                  (no boots)
Stlth    ..........             s - amulet of magic regeneration
HPRegen  0.17/turn              (no ring)
MPRegen  0.36/turn              (no ring)

@: no status effects
A: hooves 2, powered by death 1
a: Depart the Abyss, Bend Space, Banish, Renounce Religion


You were on level 5 of the Dungeon.
You worshipped Lugonu.
Lugonu was most pleased with you.
You were not hungry.

You visited 1 branch of the dungeon, and saw 5 of its levels.
You visited the Abyss 1 time.

You collected 186 gold pieces.

Inventory:

Hand Weapons
 a - a +1 mace
 o - a +0 whip (weapon)
Armour
 b - a +0 leather armour
 e - a +0 ring mail
 g - a +0 scale mail
 l - a +0 chain mail (worn)
 p - a +1 helmet (worn)
 q - a +0 cloak
Jewellery
 s - an amulet of magic regeneration (around neck)
Wands
 r - a wand of disintegration (17)
Scrolls
 d - a scroll of enchant armour
 i - 2 scrolls of identify
 n - a scroll of remove curse
 t - a scroll of amnesia
Potions
 f - a potion of lignification
Comestibles
 c - 6 rations
 w - 9 chunks of flesh


   Skills:
 - Level 3.0 Fighting
 + Level 7.4 Maces & Flails
 - Level 1.7 Armour
 - Level 0.8 Dodging
 - Level 2.4 Invocations


You had 6 spell levels left.
You didn't know any spells.
Your spell library was empty.

Dungeon Overview and Level Annotations

Branches:
Dungeon (5/15)
 Temple: D:4-7

Altars:
Gozag
Okawaru
Sif Muna
The Shining One

Annotations:
D:5 Grinder


Innate Abilities, Weirdness & Mutations

You have hoof-like feet.
You regenerate a little health from kills.


Message History

You hit Grinder. You kick Grinder.
Grinder is moderately wounded.
The gnoll hits you but does no damage. Grinder hits you but does no damage.
You barely miss Grinder. You kick Grinder.
Grinder is heavily wounded.
You feel yourself slow down.
You hit Grinder but do no damage.
Grinder is heavily wounded.
The gnoll hits you but does no damage. Grinder barely misses you.
Okay, then.
Okay, then.
You hit Grinder.
Grinder is heavily wounded.
The gnoll closely misses you.
You hit Grinder. Your kick misses Grinder.
Grinder is severely wounded.
Grinder blinks!
Grinder gestures at you. Pain shoots through your body!
You die...

####.######[..##### #.#
#.....# .. #.# ##.....# #.
#.# #......# #. #######.#
#.....# #. #.......#
#.5...##.########. #.......#
#g....##.......(#. #.......#
#.....#########.#. #.......#
#@##### #... #.......#
#.###############.
#....##.###.................
#.##.##.##...##############.
###.##.##.#........... ...
#.
#......##.#...)######.....
#. #.#.##.##.#....# ....# #.
#.#####.#...<# ....# ## #.#
#.#....######....#


You could see Grinder and a gnoll.

Vanquished Creatures
  Menkaure (D:4)
  An ice beast (D:5)
  2 howler monkeys
  A crimson imp (D:5)
  A hound (D:4)
  2 orc wizards (D:5)
  An iguana (D:4)
  2 worker ants
  A hound skeleton (D:4)
  3 gnolls (D:5)
  4 adders
  An adder skeleton (D:4)
  5 worms
  A dart slug (D:1)
  2 leopard geckos
  4 orcs
  2 giant cockroaches
  6 goblins
  4 hobgoblins
  2 jackals (D:4)
  5 kobolds
  5 quokkas
  15 bats
  2 frilled lizards (D:2)
  2 rats (D:3)
75 creatures vanquished.

Notes
Turn   | Place    | Note
-------+----------+-------------------------------------------
     0 | Abyss:1  | theswoord the Demonspawn Abyssal Knight began the quest for
                  | the Orb.
     0 | Abyss:1  | Reached XP level 1. HP: 18/18 MP: 2/2
    10 | D:1      | Escaped the Abyss
    22 | D:1      | Reached skill level 2 in Maces & Flails
   226 | D:1      | Gained mutation: You have large cloven feet. [demonic
                  | ancestry]
   226 | D:1      | Reached XP level 2. HP: 24/24 MP: 3/3
   560 | D:1      | Reached skill level 3 in Maces & Flails
  1139 | D:2      | Gained mutation: You regenerate a little health from kills.
                  | [demonic ancestry]
  1139 | D:2      | Reached XP level 3. HP: 29/29 MP: 4/4
  1167 | D:2      | Found an iron altar of Okawaru.
  1206 | D:2      | Reached ** piety under Lugonu
  1635 | D:2      | Found a faded altar of an unknown god.
  2322 | D:3      | Reached skill level 4 in Maces & Flails
  2322 | D:3      | Reached XP level 4. HP: 30/35 MP: 5/5
  2771 | D:3      | Found an opulent altar of Gozag.
  3566 | D:4      | Reached XP level 5. HP: 33/41 MP: 6/6
  3578 | D:4      | Reached skill level 5 in Maces & Flails
  3771 | D:4      | Found a glowing golden altar of the Shining One.
  4160 | D:4      | Noticed Menkaure
  4177 | D:4      | Killed Menkaure
  4177 | D:4      | Reached skill level 6 in Maces & Flails
  4177 | D:4      | Reached XP level 6. HP: 24/47 MP: 7/7
  4419 | D:5      | Entered Level 5 of the Dungeon
  4419 | D:5      | Noticed an ice beast
  4438 | D:5      | Killed an ice beast
  4714 | D:5      | Reached skill level 7 in Maces & Flails
  4714 | D:5      | Gained mutation: You have hoof-like feet. [demonic
                  | ancestry]
  4714 | D:5      | Reached XP level 7. HP: 39/52 MP: 8/8
  4794 | D:5      | Found a shimmering blue altar of Sif Muna.
  4866 | D:5      | Noticed Grinder
  4887 | D:5      | Paralysed by Grinder for 2 turns
  4897 | D:5      | Paralysed by Grinder for 4 turns
  4928 | D:5      | Paralysed by Grinder for 7 turns
  4949 | D:5      | Reached *** piety under Lugonu
  4992 | D:5      | HP: 3/78 [Grinder (5)]
  4995 | D:5      | HP: 1/78 [gnoll/cursed +0 spear (2)]
  5000 | D:5      | HP: 1/78 [gnoll/cursed +0 spear (1)]
  5019 | D:5      | Killed from afar by Grinder

Skill      XL: |  1  2  3  4  5  6 |
---------------+-------------------+-----
Maces & Flails | 2 3 4 6 7 |  7.4
Fighting       | |  3.0
Armour         | |  1.7
Dodging        | |  0.8
Invocations    | |  2.4

Action                   |  1- 3 |  4- 6 |  7- 9 || total
-------------------------+-------+-------+-------++-------
Melee: Mace              |   115 |    53 |       ||   168
       Kick              |    13 |    55 |    17 ||    85
       Whip              |       |   137 |    93 ||   230
Throw: Dart              |       |     5 |     4 ||     9
Invok: Bend Space        |       |       |     1 ||     1
  Use: Scroll            |     6 |     2 |     1 ||     9
       Potion            |     1 |     2 |     7 ||    10
  Eat: Chunk             |     3 |     9 |     1 ||    13
Armor: Leather armour    |    20 |       |       ||    20
       Scale mail        |    21 |    49 |       ||    70
       Ring mail         |     1 |       |       ||     1
       Chain mail        |       |    26 |    32 ||    58
       Skin              |       |       |    32 ||    32
Dodge: Dodged            |    62 |    83 |    21 ||   166

Levels and vault maps discovered:
D:1:      dpeg_arrival_tiny_a, layout_basic
D:2:      layout_loops_ring, chequers_ecumenical_altar_island, okawaru_trees_1
D:3:      layout_basic, nicolae_gozag_seed_capital, first_ration,
          due_unseen_surprise
D:4:      layout_loops_corners, nicolae_overflow_crystal_walls, uniq_menkaure
D:5:      layout_basic, nicolae_ru_path_of_blood, lemuel_coloured_pillars_altar,
          chequers_temple_overflow_statue_of_worship, led_sif_book, uniq_grinder
